 Dungeon Crawl Stone Soup version 0.29-a0-323-g050149af67 (webtiles) character file.

Game seed: 15764945557113162157

145204 experimilk the Severer (level 16, -18/133 HPs)
             Began as a Palentonga Fighter on Apr 10, 2022.
             Was a High Priest of the Shining One.
             Demolished by a naga warrior
             ... wielding a +0 battleaxe
              (48 damage)
             ... on level 3 of the Snake Pit.
             The game lasted 02:18:41 (42304 turns).

experimilk the Severer (Palentonga Fighter)        Turns: 42304, Time: 02:18:45

Health: -18/133    AC: 37    Str: 25    XL:     16   Next: 86%
Magic:  25/25      EV:  5    Int:  6    God:    the Shining One [*****.]
Gold:   1580       SH: 18    Dex: 13    Spells: 15/15 levels left

rFire   + + .      SeeInvis +   R - +0 broad axe (spect)
rCold   + + +      Faith    .   d - +2 tower shield {reflect}
rNeg    + + .      Spirit   .   c - +4 plate armour {rF+}
rPois   +          Reflect  +   P - +0 helmet {SInv}
rElec   .          Harm     .   s - scarf {rC+ rF+}
rCorr   +          Rampage  .   L - +1 pair of gloves
Will    +....                   l - +4 barding of the Invisible Hand {*Corrode Str+3 Dex+3}
Stlth   ..........              O - amulet "Qemenioz" {RegenMP Fly rC+++ rCorr Str-5 Int-3}
HPRegen 0.32/turn               Y - ring of poison resistance
MPRegen 0.59/turn               j - +4 ring of evasion

@: flying, glowing, studying Unarmed Combat, curled up
A: large, rugged brown scales 3, see invisible, deformed body, roll 1, armoured
tail, reflexive curl
a: Rolling Charge, Renounce Religion, Divine Shield, Cleansing Flame, Summon
Divine Warrior


You were on level 3 of the Snake Pit.
You worshipped the Shining One.
The Shining One was extremely pleased with you.
You visited 4 branches of the dungeon, and saw 27 of its levels.
You also visited: Bailey and Volcano.

You collected 2645 gold pieces.
You spent 1065 gold pieces at shops.

Inventory:

Hand Weapons
 a - a +1 vorpal war axe
 o - a +2 broad axe
 v - a +2 war axe of flaming
 x - a +0 broad axe
 R - a +0 spectral broad axe (weapon)
Armour
 c - a +4 plate armour of fire resistance (worn)
 d - a +2 tower shield of reflection (worn)
 l - the +4 barding of the Invisible Hand (worn) {*Corrode Str+3 Dex+3}
   (You acquired it on level 1 of the Lair of Beasts)

   Str:       It affects your strength (+3).
   Dex:       It affects your dexterity (+3).
   *Corrode:  It may corrode you when you take damage.
 s - a scarf of resistance (worn)
 L - a +1 pair of gloves (worn)
 P - a +0 helmet of see invisible (worn)
 V - a +2 kite shield of protection
Jewellery
 f - a ring of positive energy
 h - an amulet of the acrobat
 j - a +4 ring of evasion (right hand)
 m - a ring of flight
 n - an amulet of reflection
 A - a +4 ring of evasion
 O - the amulet "Qemenioz" (around neck) {RegenMP Fly rC+++ rCorr Str-5 Int-3}
   (You acquired it on level 3 of the Lair of Beasts)

   [amulet of magic regeneration]

   It increases your rate of magic regeneration.
   Str:       It affects your strength (-5).
   Int:       It affects your intelligence (-3).
   rC:        It renders you almost immune to cold.
   Fly:       It grants you flight.
   rCorr:     It protects you from acid and corrosion.
 Y - a ring of poison resistance (left hand)
Wands
 r - a wand of iceblast (16)
 y - a wand of acid (19)
 E - a wand of charming (3)
 F - a wand of paralysis (20)
 H - a wand of polymorph (15)
 I - a wand of flame (51) (quivered)
 X - a wand of mindburst (4)
 Z - a wand of digging (17)
Scrolls
 i - 2 scrolls of magic mapping
 u - 2 scrolls of summoning
 z - 4 scrolls of teleportation
 C - a scroll of amnesia
 G - 5 scrolls of fog
 M - a scroll of holy word
 N - 4 scrolls of fear
 S - 5 scrolls of vulnerability
Potions
 b - 2 potions of lignification
 e - 6 potions of curing
 g - 8 potions of attraction
 p - 7 potions of mutation
 q - a potion of magic
 t - 2 potions of resistance
 D - 3 potions of haste
 J - 2 potions of brilliance
 K - 2 potions of cancellation
 U - 5 potions of ambrosia
Miscellaneous
 w - a phial of floods
 Q - a tin of tremorstones (2/2)


   Skills:
 + Level 11.0 Fighting
 * Level 17.8 Axes
 + Level 10.5 Armour
 + Level 10.4 Shields
 - Level 12.0 Invocations
 - Level 12.0 Evocations


You had 15 spell levels left.
You didn't know any spells.
Your spell library contained the following spells:

 Spells                   Type           Power      Damage    Failure   Level
 Animate Skeleton         Necr           0%         N/A       100%        1
 Apportation              Tloc           0%         N/A       100%        1
 Beastly Appendage        Tmut           0%         N/A       100%        1
 Pain                     Necr           0%         1d4       100%        1
 Slow                     Hex            0%         N/A       100%        1
 Summon Small Mammal      Summ           0%         N/A       100%        1
 Blink                    Tloc           0%         N/A       100%        2
 Corpse Rot               Necr/Air       0%         N/A       100%        2
 Poisonous Vapours        Pois/Air       0%         N/A       100%        2
 Wereblood                Tmut           0%         N/A       100%        2
 Confusing Touch          Hex            0%         N/A       100%        3
 Lesser Beckoning         Tloc           0%         N/A       100%        3
 Spider Form              Tmut/Pois      0%         N/A       100%        3
 Vampiric Draining        Necr           0%         2d6       100%        3
 Fulminant Prism          Conj/Hex       0%         3d6       100%        4
 Iskenderun's Mystic Bla  Conj/Tloc      0%         2d3       100%        4
 Summon Ice Beast         Ice/Summ       0%         N/A       100%        4
 Fireball                 Conj/Fire      0%         3d3       100%        5
 Iskenderun's Battlesphe  Conj           0%         2d6       100%        5
 Lee's Rapid Deconstruct  Erth           0%         3d5*      100%        5
 Manifold Assault         Tloc           0%         N/A       100%        5
 Summon Mana Viper        Hex/Summ       0%         N/A       100%        5
 Conjure Ball Lightning   Conj/Air       0%         3x3d6     100%        6
 Monstrous Menagerie      Summ           0%         N/A       100%        7
 Orb of Destruction       Conj           0%         9d5       100%        7
 Storm Form               Tmut/Air       0%         N/A       100%        7
 Discord                  Hex            0%         N/A       100%        8
 Disjunction              Tloc           0%         N/A       100%        8


Dungeon Overview and Level Annotations

Branches:
Dungeon (15/15)            Temple (0/1) D:7            Lair (6/6) D:10
 Shoals (0/4) Lair:3        Snake (4/4) Lair:2        Slime (0/5) Lair:6
    Orc (2/2) D:9             Elf (0/3) Orc:2        Vaults (0/5) D:14
 Depths (0/4) D:15         Bailey (visited)         Volcano (visited)

Altars:
Fedhas
Gozag
Kikubaaqudgha
Makhleb
Okawaru
Trog
Yredelemnul
The Shining One
Beogh
Jiyva

Shops:
D:10 [   D:13 [   Orc:1 ?**   Orc:2 ([([   Snake:2 [   Snake:3 :

Portals:
Hell: Lair:6

Annotations:
D:3 3 runed translucent doors, pigah's ghost, amateur OpAE
D:4 2 transporters, tygarin's ghost, amateur TrTm
D:9 4 runed translucent doors, Antichthon's ghost, novice HuBr; sammy202020's ghost, novice DsBe
D:10 2 transporters, snetch's ghost, journeyman MiBe
D:14 exclusion: ice statue
Snake:1 3 runed translucent doors, exclusion: obsidian statue, Roxanne; drugrobin's ghost, journeyman DgFi


Innate Abilities, Weirdness & Mutations

You are completely covered in rugged brown scales. (AC +3, +7% HP)
You have supernaturally acute eyesight. (SInv)
Armour fits poorly on your strangely shaped body.
You can roll at nearby foes to attack.
You have a long armoured tail.
You curl defensively after being hit. (AC +7*)


Message History

The naga warrior hits you with a +0 halberd!
The naga warrior constricts you.
You escape the naga warrior's grasp.
The naga warrior spits poison at you.
The splash of poison hits you but does no damage.
You resist.
The naga mage mumbles some strange words.
The naga mage seems to speed up.
The naga sharpshooter mumbles some strange words.
The naga sharpshooter magically shoots an arrow.
The arrow hits you! You block the naga warrior's attack.
The naga warrior grabs you. The naga warrior constricts you.
A naga comes into view. It is wielding a +0 halberd.
You escape the naga warrior's grasp.
The naga warrior hits you with a +0 battleaxe!!
You block the naga warrior's attack.
The naga warrior roars a battlecry!
There is a stone staircase leading up, spattered with blood here.
You block the naga warrior's attack. The naga warrior grabs you.
You stop ascending the stairs.
The naga warrior constricts you.
A naga comes into view. It is wielding a +0 glaive.
You block the mana viper's attack. You block the naga warrior's attack.
Unknown command.
You escape the naga warrior's grasp.
The naga sharpshooter no longer looks unusually strong.
You block the naga mage's attack. You block the mana viper's attack.
The naga warrior completely misses you. The naga warrior barely misses you.
You block the naga warrior's attack.
The naga mage hits you from afar with a +0 spear!
* * * LOW HITPOINT WARNING * * *
You fly upwards.
There is a stone staircase leading down here.
Unknown command.
You slice the naga warrior!!
The naga warrior is severely wounded.
You barely miss the mana viper.
Your +0 spectral broad axe hits the mana viper!!
You block the mana viper's attack.
The naga warrior hits you with a +0 battleaxe!!!
You die...

.............#######
#)####
##......##.#.......###.)#
##......##.#######...##)#
##....####.# #......#
......####.# #....###
....###.>..# ########..#
.........#####.........#
.|..#..#....#..#(S...#.#
...))>#####.#...@......#
.....## #....N.#.#...#
.....## #####(.........#
....).# #...#....#(#...#
#.....###...#.........?#
##....)......[.#.....#.#
##...#######..........#
##### ##.......###
#.....###


You could see a naga warrior (strong), a mana viper and a friendly +0 spectral
broad axe (summoned).

Vanquished Creatures
  Rupert (D:13)
  Kirke (D:14)
  2 nagarajas (Snake:3)
  A juggernaut zombie (D:15)
  Azrael (D:14)
  A dire elephant (Lair:6)
  2 fire dragons
  A yaktaur captain (D:11)
  A rakshasa (D:15)
  Erolcha (D:9)
  3 catoblepae
  5 centaur warriors
  8 naga warriors
  Fannar (Orc:1)
  10 hydras
  6 boulder beetles
  7 anacondas
  A death knight (D:15)
  2 two-headed ogres
  Erica (D:11)
  6 death yaks
  A tengu warrior (D:13)
  9 shock serpents
  6 naga sharpshooters
  A fire crab (shapeshifter) (D:15)
  A sixfirhy (Lair:6)
  3 skeletal warriors
  A salamander mystic (Snake:4)
  A flayed ghost (D:15)
  3 naga ritualists
  A wizard (Lair:6)
  A tengu zombie (D:15)
  A deep elf pyromancer (D:14)
  A lindwurm (Volcano)
  An orc knight (D:11)
  A necromancer (D:15)
  A golden dragon skeleton (D:15)
  7 ugly things
  4 oklob plants (Lair:3)
  An orc sorcerer (Orc:2)
  17 mana vipers
  A wolf spider (D:12)
  3 manticores
  10 elephants
  3 guardian serpents
  4 salamanders
  2 orange demons (Lair:6)
  A torpor snail (Lair:3)
  30 black mambas
  A merfolk siren (Lair:3)
  9 naga magi
  A smoke demon (Lair:6)
  4 centaur skeletons (D:14)
  13 cane toads
  A spriggan zombie (D:15)
  2 yaktaurs (D:14)
  13 komodo dragons
  4 unseen horrors
  An efreet (D:15)
  A freezing wraith (D:15)
  7 rime drakes
  A kobold demonologist (D:14)
  An ice devil (Lair:6)
  A guardian mummy (D:15)
  9 trolls
  2 red devils (Lair:6)
  2 burning bushes (Lair:1)
  3 meliai (D:11)
  2 queen bees
  A polar bear (Lair:4)
  A hornet (D:9)
  21 blink frogs
  4 slime creatures (D:12)
  A dream sheep (Lair:3)
  3 shadows (D:11)
  A centaur simulacrum (D:15)
  A water elemental (D:15)
  3 wraiths
  6 wyverns
  4 hogs (D:14)
  38 yaks
  2 fire elementals (D:14)
  Menkaure (D:5)
  8 basilisks
  2 vampire mosquitoes (D:11)
  Edmund (D:5)
  5 steam dragons
  3 wargs
  33 nagas
  22 water moccasins
  An acid dragon (D:14)
  9 hell hounds
  34 orc warriors
  2 black bears (D:7)
  A sky beast (D:7)
  3 ice beasts
  9 ogres
  7 wolves
  19 centaurs
  A phantom (D:6)
  7 kobold brigands
  16 bullfrogs
  6 scorpions
  3 necrophages
  A gnoll sergeant (Orc:2)
  18 wights
  51 killer bees
  2 howler monkeys
  10 electric eels
  2 hounds
  A jelly (D:4)
  23 orc priests
  Crazy Yiuf (D:5)
  4 iguanas
  17 orc wizards
  2 hell rats
  17 gnolls
  2 howler monkey zombies (D:9)
  6 adders
  A shadow imp (D:6)
  3 white imps (D:6)
  4 ufetubi
  4 dart slugs
  78 orcs
  11 ball pythons
  5 bats
  4 endoplasms
  13 goblins
  7 hobgoblins
  5 jackals
  27 kobolds
  5 quokkas
  4 frilled lizards
  A rat (D:2)
864 creatures vanquished.

Vanquished Creatures (collateral kills)
  An orc warlord (Orc:2)
  An orc sorcerer (Orc:2)
  A yaktaur (D:14)
  A hog (D:14)
  A warg (Orc:2)
  An orc warrior (Orc:2)
  An orc priest (Orc:2)
  2 orcs (Orc:2)
9 creatures vanquished.

Vanquished Creatures (others)
  2 hell hounds (D:14)
  2 killer bees (Lair:3)
  40 fungi
  84 plants
  6 withered plants (D:15)
134 creatures vanquished.

Grand Total: 1007 creatures vanquished

Notes
Turn   | Place    | Note
-------+----------+-------------------------------------------
     0 | D:1      | experimilk the Palentonga Fighter began the quest for the
                  | Orb.
     0 | D:1      | Reached XP level 1. HP: 19/19 MP: 1/1
   113 | D:1      | Reached XP level 2. HP: 25/25 MP: 2/2
   155 | D:1      | Reached skill level 3 in Axes
   587 | D:2      | Noticed a scorpion
   593 | D:2      | Killed a scorpion
   594 | D:2      | Reached skill level 4 in Axes
   594 | D:2      | Reached XP level 3. HP: 19/31 MP: 3/3
   594 | D:2      | Reached XP level 4. HP: 23/37 MP: 4/4
   752 | D:2      | Found a faded altar of an unknown god.
   762 | D:2      | Got Plato's Volume of Calling
  1068 | D:3      | Found a runed translucent gate.
  1068 | D:3      | Found a runed translucent gate.
  1068 | D:3      | Found a runed translucent gate.
  1268 | D:3      | Reached skill level 5 in Axes
  1423 | D:3      | Found a glowing golden altar of the Shining One.
  1431 | D:3      | Became a worshipper of the Shining One
  1459 | D:3      | Reached XP level 5. HP: 43/43 MP: 5/5
  1522 | D:3      | Found a blossoming altar of Fedhas.
  1714 | D:3      | Noticed pigah's ghost (amateur OpAE)
  1714 | D:3      | Identified the +2 short sword of Accord {pain, rN++ Str-4
                  | Int+5}
  1989 | D:4      | Noticed a wyvern
  1993 | D:4      | Killed a wyvern
  1994 | D:4      | Reached skill level 6 in Axes
  1994 | D:4      | Reached XP level 6. HP: 50/50 MP: 6/6
  2041 | D:4      | Reached skill level 7 in Axes
  2091 | D:4      | Noticed tygarin's ghost (amateur TrTm)
  2092 | D:4      | Found a transporter.
  2092 | D:4      | Found a transporter.
  2685 | D:4      | Reached * piety under the Shining One
  2699 | D:4      | Gained mutation: You curl defensively after being hit. (AC
                  | +7*) [Palentonga growth]
  2699 | D:4      | Reached XP level 7. HP: 24/55 MP: 7/7
  3140 | D:4      | Reached skill level 8 in Axes
  3253 | D:5      | Entered Level 5 of the Dungeon
  3317 | D:5      | Noticed Edmund
  3430 | D:5      | Killed Edmund
  3683 | D:5      | Noticed Menkaure
  3685 | D:5      | Killed Menkaure
  3686 | D:5      | Reached skill level 9 in Axes
  3853 | D:5      | Reached XP level 8. HP: 57/62 MP: 9/9
  4331 | D:5      | Found a runed translucent door.
  4332 | D:5      | Noticed Crazy Yiuf
  4504 | D:5      | Killed Crazy Yiuf
  4629 | D:6      | Reached skill level 10 in Axes
  5392 | D:6      | Reached skill level 11 in Axes
  6004 | D:6      | Reached XP level 9. HP: 24/67 MP: 11/11
  7088 | D:7      | Reached skill level 12 in Axes
  7144 | D:7      | Reached skill level 1 in Evocations
  7522 | D:7      | Found a staircase to the Ecumenical Temple.
  7616 | D:7      | Reached ** piety under the Shining One
  8003 | D:7      | Identified the +6 falchion of Change {drain, rElec}
  8234 | D:8      | Found a flagged portal.
  8251 | Bailey   | Entered a bailey
  8431 | Bailey   | Identified the +4 fire dragon scales of Ynayzx Ynesa {*Slow
                  | +Inv rF++ rC- Regen+ Dex-3}
  8443 | Bailey   | Reached skill level 13 in Axes
  9185 | D:8      | Reached XP level 10. HP: 61/74 MP: 12/12
  9310 | D:8      | Reached skill level 14 in Axes
 10548 | D:9      | Found a staircase to the Orcish Mines.
 10651 | D:9      | Reached skill level 15 in Axes
 10795 | D:9      | Noticed Erolcha
 10803 | D:9      | Killed Erolcha
 11240 | D:9      | Found an iron altar of Okawaru.
 11708 | D:9      | Found a runed translucent gate.
 11708 | D:9      | Found a runed translucent gate.
 11708 | D:9      | Found a runed translucent gate.
 11708 | D:9      | Noticed sammy202020's ghost (novice DsBe)
 11710 | D:9      | Found a basalt altar of Yredelemnul.
 12213 | D:9      | Found a runed translucent door.
 12216 | D:9      | Noticed Antichthon's ghost (novice HuBr)
 12467 | D:10     | Entered Level 10 of the Dungeon
 12543 | D:10     | Noticed a fire dragon
 12544 | D:10     | Found a staircase to the Lair.
 12808 | D:10     | Reached skill level 16 in Axes
 12812 | D:10     | Killed a fire dragon
 12813 | D:10     | Reached XP level 11. HP: 73/80 MP: 9/13
 12892 | D:10     | Noticed a tengu warrior
 12892 | D:10     | Noticed a two-headed ogre
 12900 | D:10     | Noticed snetch's ghost (journeyman MiBe)
 12904 | D:10     | Found a bloodstained altar of Trog.
 12905 | D:10     | Noticed a two-headed ogre
 12918 | D:10     | Found a transporter.
 12921 | D:10     | Found a transporter.
 12952 | D:10     | Reached *** piety under the Shining One
 13502 | D:10     | Found Poaxtetio's Antique Armour Shoppe.
 13508 | D:10     | Bought a masterwork ring mail for 261 gold pieces
 13508 | D:10     | Identified the +1 ring mail of Modagh {SInv} (You bought it
                  | in a shop on level 10 of the Dungeon)
 13508 | D:10     | Bought a glowing helmet for 217 gold pieces
 13878 | Lair:1   | Entered Level 1 of the Lair of Beasts
 13922 | Lair:1   | Noticed a seven-headed hydra
 13928 | Lair:1   | Killed a four-headed hydra
 14357 | Lair:1   | Reached skill level 5 in Evocations
 15033 | Lair:1   | Reached skill level 5 in Invocations
 15553 | Lair:1   | Noticed a six-headed hydra
 15558 | Lair:1   | Killed a four-headed hydra
 15885 | Lair:1   | Identified a scroll of acquirement
 15887 | Lair:1   | Acquired the +4 barding of the Invisible Hand {*Corrode
                  | Str+3 Dex+3}
 16083 | Lair:2   | Found a staircase to the Snake Pit.
 16116 | Lair:2   | Reached skill level 5 in Fighting
 16933 | Lair:3   | Reached XP level 12. HP: 92/92 MP: 16/16
 16940 | Lair:3   | Acquired the amulet "Qemenioz" {RegenMP Fly rC+++ rCorr
                  | Str-5 Int-3}
 17155 | Lair:3   | Found a staircase to the Shoals.
 17667 | Lair:3   | Reached skill level 5 in Armour
 17667 | Lair:3   | Reached skill level 5 in Shields
 18802 | Lair:3   | Noticed a catoblepas
 18832 | Lair:3   | Killed a catoblepas
 18833 | Lair:3   | Reached XP level 13. HP: 47/100 MP: 19/19
 22121 | Lair:5   | Found a dark tunnel.
 22140 | Volcano  | Entered a volcano
 22159 | Volcano  | Noticed a fire dragon
 22169 | Volcano  | Killed a fire dragon
 23432 | Lair:6   | Entered Level 6 of the Lair of Beasts
 24210 | Lair:6   | Reached XP level 14. HP: 113/113 MP: 20/20
 24899 | Lair:6   | Found a basalt altar of Yredelemnul.
 25244 | Lair:6   | Found a viscous altar of Jiyva.
 25244 | Lair:6   | Found a staircase to the Slime Pits.
 25935 | Lair:6   | Found a burning altar of Makhleb.
 25952 | Lair:6   | Reached **** piety under the Shining One
 25995 | Lair:6   | Found a gateway to Hell.
 26028 | Lair:6   | Got Nutzerphiu's Handbook of Calling
 26493 | Orc:1    | Entered Level 1 of the Orcish Mines
 26497 | Orc:1    | Found Vosufugu's Magic Scroll Shoppe.
 26516 | Orc:1    | Bought a scroll of brand weapon for 260 gold pieces
 26685 | Orc:1    | Found Gamygu's General Store.
 26689 | Orc:1    | Found Ewegotol's General Store.
 26708 | Orc:1    | Bought a scroll of summoning for 171 gold pieces
 26708 | Orc:1    | Bought a scroll of identify for 36 gold pieces
 26819 | Orc:2    | Entered Level 2 of the Orcish Mines
 26943 | Orc:2    | Found a staircase to the Elven Halls.
 27454 | Orc:1    | Noticed Fannar
 27470 | Orc:1    | Killed Fannar
 27766 | Orc:2    | Found Beereuc's Armour Shop.
 28026 | Orc:2    | Reached ***** piety under the Shining One
 28038 | Orc:2    | Noticed an orc warlord
 28053 | Orc:2    | Killed an orc warlord
 28305 | Orc:2    | Found Wellacel's Antique Weapon Shop.
 28311 | Orc:2    | Found Baogo's Antique Armour Boutique.
 28318 | Orc:2    | Bought a broad axe for 120 gold pieces
 28510 | Orc:2    | Found Naumuizo's Antique Weapon Emporium.
 29378 | D:11     | Noticed Erica
 29380 | D:11     | Killed Erica
 30000 | D:11     | Reached XP level 15. HP: 121/121 MP: 22/22
 30233 | D:11     | Reached skill level 10 in Invocations
 31675 | D:12     | Reached skill level 10 in Evocations
 32065 | D:13     | Found Ydghevej's Antique Armour Shoppe.
 32118 | D:13     | Noticed Rupert
 32120 | D:13     | Paralysed by Rupert for 7 turns
 32135 | D:13     | Killed Rupert
 32700 | D:14     | Noticed Azrael
 32717 | D:14     | Killed Azrael
 33605 | D:14     | Noticed Kirke
 33928 | D:14     | Killed Kirke
 34082 | D:14     | Found a gate to the Vaults.
 34334 | D:15     | Entered Level 15 of the Dungeon
 34440 | D:15     | Reached skill level 10 in Fighting
 35172 | D:15     | Found a staircase to the Depths.
 35737 | Snake:1  | Entered Level 1 of the Snake Pit
 36086 | Snake:1  | Reached XP level 16. HP: 79/130 MP: 24/24
 36603 | Snake:1  | Noticed Roxanne
 36610 | Snake:1  | Reached skill level 17 in Axes
 36794 | Snake:1  | Found a runed translucent gate.
 36794 | Snake:1  | Found a runed translucent gate.
 36794 | Snake:1  | Found an opulent altar of Gozag.
 36794 | Snake:1  | Found a runed translucent gate.
 36796 | Snake:1  | Noticed drugrobin's ghost (journeyman DgFi)
 36803 | Snake:1  | Identified the +9 dagger of the Turnip {vorpal, Int+4}
 37057 | Snake:1  | Reached skill level 10 in Armour
 37840 | Snake:2  | Reached skill level 10 in Shields
 37960 | Snake:2  | Found an ancient bone altar of Kikubaaqudgha.
 37962 | Snake:2  | Found Jorol's Armour Shop.
 40435 | Snake:3  | Found Ciqeck's Book Emporium.
 41504 | Snake:4  | Entered Level 4 of the Snake Pit
 41684 | Snake:4  | HP: 6/132 [shock serpent/bolt of electricity (13)]
 42304 | Snake:3  | Demolished by a naga warrior

Illustrated notes

Levels and vault maps discovered:
D:1:      dpeg_arrival_round_a, layout_rooms, minmay_tiny_reverse_x
D:2:      layout_rooms, shapermc_ecumenical_altar_rom_forum
D:3:      layout_loops_cross, fedhas_altar_fruit_tree, tso_altar,
          biasface_ghost_orc_armoury, grunt_decor_one_mirror
D:4:      layout_gridville, gammafunk_ghost_smash, st_stairs_14
D:5:      layout_gridville, uniq_menkaure, uniq_crazy_yiuf_cottage, uniq_edmund
D:6:      layout_basic
D:7:      layout_gridville, minmay_temple_entry_sparse_star, minmay_manual_mares
D:8:      layout_basic, serial_bayou, serial_bayou_crossing,
          serial_bayou_pond_e, serial_bayou_ford_a, serial_bayou_shore_b,
          serial_bayou_lagoon_b, enter_bailey_3, minmay_alternating_orb
D:9:      layout_loops_corners, nicolae_yredelemnul_ghost_church,
          okawaru_trees_1, orc_0_dummy, ebering_ghost_reflecting_pool,
          uniq_erolcha
D:10:     layout_roguey, minmay_lair_entry_lava,
          gammafunk_ghost_wrathful_warriors, serial_shops, shop, minmay_between
D:11:     nzn_winding_woodlands_small
          [nzn_winding_woodlands_5x15_river_crossing,
          nzn_winding_woodlands_center_diamonds,
          nzn_winding_woodlands_5x15_pool], layout_basic, uniq_erica
D:12:     layout_basic
D:13:     layout_cave_pools, serial_shops, nicolae_shop_hallway_plus,
          uniq_rupert
D:14:     cheibrodos_frozen_isle, layout_cave_pools,
          hangedman_vaults_entry_quadrant_bands, minmay_misc_feat_ornament,
          serial_bayou_pond_d, uniq_kirke, uniq_azrael
D:15:     gammafunk_depths_entry_grave, layout_rooms, serial_bayou_shore_a,
          chequers_serial_rivers_room_b
Lair:1:   layout_cave_pods, evilmike_ambush [evilmike_ambush_outer_basic,
          evilmike_ambush_inner_basic]
Lair:2:   layout_gridlike, minmay_snake_entry_guardpost_small, special_room
          [special_room_bee], chequers_serial_rivers_large_b, patterned_corridor
Lair:3:   hangedman_what_comes_after_a, layout_regular_city,
          minmay_shoals_entry_lonely_mermaid, minmay_shattered_shrine
Lair:4:   layout_gridlike, lemuel_fruit_fields
Lair:5:   layout_concentric_octagons, lightli_volcano_entry_magma_tube,
          infiniplex_staircase_pool_2
Lair:6:   evil_forest, layout_regular_city, dpeg_slime_entry_enclosed_altar,
          basic_altar
Snake:1:  layout_grid_shapes, ebering_ghost_gozag, grunt_ministairs_11,
          grunt_megastairs_5, uniq_roxanne
Snake:2:  layout_concentric_octagons, serial_shops, nicolae_diamond_shop,
          basic_altar
Snake:3:  layout_misc_corridors, serial_shops, nicolae_shop_waterfront,
          st_stairs_2, grunt_megastairs_1
Snake:4:  hellmonk_snake_rune_quicksilver_temple, layout_onion,
          grunt_ministairs_10
Orc:1:    layout_caves, serial_shops, shop_fountains, shop, shop, uniq_fannar
Orc:2:    grunt_orc_community_town_hall, layout_caves,
          grunt_orc_community_big_house_1, grunt_orc_community_big_house_1,
          grunt_orc_community_house_1, grunt_orc_community_house_2,
          grunt_orc_community_house_3, grunt_orc_community_house_1,
          grunt_orc_community_house_1, grunt_orc_community_house_3

Skill      XL: |  1  2  3  4  5  6  7  8  9 10 11 12 13 14 15 16 |
---------------+-------------------------------------------------+-----
Axes           | 4 5 6 7 9 11 13 16 17 | 17.8
Invocations    | 2 3 5 8 9 11 12 | 12.0
Evocations     | 3 6 8 9 10 12 | 12.0
Armour         | 4 5 7 9 10 | 10.5
Shields        | 4 5 7 9 10 | 10.4
Fighting       | 5 6 8 9 10 11 | 11.0

Action                   |  1- 3 |  4- 6 |  7- 9 | 10-12 | 13-15 | 16-18 || total
-------------------------+-------+-------+-------+-------+-------+-------++-------
Melee: War axe           |    48 |   114 |   239 |   449 |   639 |       ||  1489
       Tailslap          |       |    16 |    41 |    80 |   221 |    70 ||   428
       Broad axe         |       |       |       |       |   359 |   298 ||   657
Throw: Dart              |       |       |     5 |       |       |       ||     5
       Boomerang         |       |       |     4 |     3 |       |       ||     7
Invok: Divine Shield     |       |       |     6 |    10 |    15 |     8 ||    39
       Cleansing Flame   |       |       |       |     4 |     8 |       ||    12
       Summon Divine War |       |       |       |       |     3 |       ||     3
 Abil: Rolling Charge    |     8 |    19 |    52 |    82 |   209 |    48 ||   418
Evoke: Wand              |       |       |     3 |    22 |    34 |     3 ||    62
       Phial of floods   |       |       |       |     1 |     2 |       ||     3
       Tin of tremorston |       |       |       |     3 |     3 |     1 ||     7
  Use: Scroll            |     2 |     4 |    15 |    11 |    10 |     1 ||    43
       Potion            |     1 |     2 |     9 |    11 |    10 |     5 ||    38
Armor: Scale mail        |    17 |     8 |       |       |       |       ||    25
       Ring mail         |       |    33 |    67 |    91 |       |       ||   191
       Skin              |       |       |       |    37 |       |       ||    37
       Plate armour      |       |       |       |   103 |   556 |   140 ||   799
       Fire dragon scale |       |       |       |       |    16 |       ||    16
Dodge: Dodged            |    20 |    38 |    64 |   111 |   120 |    44 ||   397
Block: Buckler           |     5 |    11 |       |       |       |       ||    16
       Kite shield       |       |    19 |    91 |   248 |   626 |       ||   984
       Tower shield      |       |       |       |       |       |   279 ||   279
       Reflection        |       |       |       |       |       |    15 ||    15

Table legend: (Time is in decaauts)
 A = Elapsed time spent in this place.
 B = Non-inter-level travel time spent in this place.
 C = Inter-level travel time spent in this place.
 D = Time resting spent in this place.
 E = Time spent auto-exploring this place.
 F = Levels seen in this place.
 G = Mean time per level.
                   A        B        C        D        E       F      G
               +--------+--------+--------+--------+--------+-----+--------+
         Total |  42271 |  40466 |   1805 |  18278 |   8052 |  29 | 1457.6 |
       Dungeon |  20852 |  19813 |   1039 |   8589 |   4659 |  15 | 1390.1 |
          Lair |  11810 |  11382 |    428 |   5341 |   1886 |   6 | 1968.3 |
     Snake Pit |   6599 |   6338 |    261 |   3671 |   1061 |   4 | 1649.8 |
  Orcish Mines |   2259 |   2184 |     75 |    523 |    399 |   2 | 1129.5 |
        Bailey |    487 |    487 |      0 |    153 |     13 |   1 |  487.0 |
       Volcano |    261 |    261 |      0 |      0 |     34 |   1 |  261.0 |
               +--------+--------+--------+--------+--------+-----+--------+

Top non-repeatable levels by time:
  Lair:3: 3736 daAuts
 Snake:3: 2859 daAuts
  Lair:6: 2579 daAuts
     D:5: 2341 daAuts
     D:9: 2287 daAuts
     D:8: 1975 daAuts
 Snake:1: 1925 daAuts
    D:10: 1801 daAuts
  Lair:1: 1763 daAuts
 Snake:2: 1730 daAuts
   Orc:2: 1691 daAuts
     D:4: 1548 daAuts
    D:11: 1543 daAuts
  Lair:5: 1432 daAuts
  Lair:4: 1385 daAuts
